Map: Acropolis LE

Players

Ograll

  • Race: Protoss Protoss
  • League: Platinum
  • Spawn Location: 11:00

Hummus - Winner!

  • Race: Zerg Zerg
  • League: Platinum
  • Spawn Location: 5:00

VOD

Have the link to the VOD?

Description

Time

  • Played on: June 9, 2019, 3:07 a.m.
  • Length: 10:48
Show
View Real Time Build Order
Export as new Build Order

Ograll Protoss 

Build Orders:  

Get SALT Encoding   

  12  0:00  Probe  
  13  0:12  Probe  
  14  0:23  Probe  
  14  0:24  Pylon  
  15  0:32  Assimilator  
  15  0:38  Probe  
  16  0:44  Gateway  
  16  0:49  Probe  
  17  0:58  Probe  
  18  1:07  Probe  
  19  1:23  Gateway  
  19  1:28  Pylon  
  19  1:32  Cybernetics Core  
  19  1:42  Zealot  
  21  1:59  Probe  
  22  2:10  Shield Battery  
  21  2:18  Nexus  
  21  2:23  Warp Gate  
  21  2:24  Stalker  
  21  2:25  Sentry  
  25  2:52  Gateway  
  25  2:57  Adept  
  27  2:58  Adept  
  29  3:09  Probe  
  30  3:14  Pylon  
  30  3:21  Probe  
  30  3:23  Assimilator  
  31  3:33  Probe  
  32  3:47  Probe  
  33  3:49  Probe  
  34  3:56  Probe  
  34  3:57  Probe  
  34  4:00  Stargate  
  36  4:04  Probe  
  36  4:05  Probe  
  38  4:12  Robotics Facility  
  38  4:13  Probe  
  38  4:16  Probe  
  39  4:21  Assimilator  
  39  4:23  Zealot  
  42  4:30  Assimilator  
  42  4:37  Probe  
  42  4:38  Probe  
  44  4:42  Void Ray  
  48  4:59  Immortal  
  52  5:02  Pylon  
  52  5:04  Pylon  
  52  5:06  Probe x2  
  54  5:20  Forge  
  54  5:25  Pylon  
  54  5:29  Probe x2  
  56  5:37  Probe x2  
  56  5:41  Immortal  
  62  6:00  Probe x2  
  62  6:01  Protoss Ground Weapons Level 1  
  64  6:12  Probe  
  64  6:13  Probe  
  64  6:15  Phoenix  
  64  6:17  Nexus  
  68  6:20  Pylon  
  68  6:30  Immortal  
  72  6:41  Probe x2  
  74  6:53  Probe x2  
  76  6:56  Zealot x3  
  82  7:05  Probe x2  
  84  7:17  Probe  
  84  7:22  Pylon  
  85  7:24  Pylon  
  85  7:27  Pylon  
  85  7:28  Immortal  
  85  7:29  Pylon  
  89  7:32  Probe x3  
  92  7:44  Probe, Forge  
  93  7:51  Forge  
  93  7:52  Gateway  
  93  7:54  Gateway  
  93  7:57  Gateway  
  93  7:59  Robotics Facility  
  93  8:00  Twilight Council  
  93  8:02  Protoss Ground Armor Level 1  
  93  8:13  Zealot x3  
  93  8:15  Protoss Shields Level 1, Probe  
  93  8:16  Probe x2  
  102  8:28  Probe, Immortal  
  102  8:34  Robotics Bay  
  107  8:41  Zealot x3  
  113  8:58  Stalker  
  113  8:59  Stalker x2  
  119  9:08  Zealot x3  
  125  9:10  Immortal  
  125  9:11  Immortal  
  133  9:22  Pylon  
  133  9:25  Pylon  
  133  9:28  Pylon  
  133  9:35  Templar Archives  
  133  9:39  Gateway  
  133  9:40  Stalker, Probe x2  
  133  9:41  Stalker x2, Gateway  
  133  9:44  Stalker  
  133  9:45  Stalker, Gateway  
  139  9:56  Zealot  
  125  10:04  Zealot x3  
  111  10:08  Immortal  
  111  10:12  Zealot x2  
  95  10:21  Zealot  
  83  10:32  Zealot x3  
  73  10:43  Zealot x2  
  73  10:44  Zealot x2  
  73  10:45  Zealot  
Show
View Real Time Build Order
Export as new Build Order

Hummus Zerg - Winner!

Build Orders: Pool First 

Get SALT Encoding   

  12  0:01  Drone  
  13  0:11  Drone  
  14  0:26  Spawning Pool  
  13  0:33  Drone  
  14  0:37  Overlord  
  14  0:55  Drone x2  
  14  0:56  Drone  
  17  1:12  Drone  
  17  1:13  Queen  
  20  1:32  Zergling x2  
  21  1:33  Hatchery  
  21  1:37  Drone  
  21  1:56  Overlord  
  21  2:08  Queen  
  21  2:09  Extractor  
  21  2:13  Hatchery  
  21  2:26  Drone x2  
  21  2:27  Drone x2  
  21  2:29  Drone  
  26  2:31  Zergling x2  
  27  2:43  Drone  
  28  2:45  Queen  
  30  2:57  Zergling x2  
  31  3:05  Drone x5  
  36  3:15  Overlord  
  36  3:17  Overlord  
  36  3:24  Lair  
  36  3:32  Drone x2  
  36  3:33  Drone x2  
  40  3:35  Drone  
  40  3:38  Drone  
  40  3:40  Extractor  
  41  3:42  Drone  
  42  3:56  Drone, Roach Warren  
  42  3:57  Drone x4  
  42  4:01  Extractor  
  42  4:02  Extractor  
  44  4:06  Queen  
  44  4:09  Drone  
  47  4:16  Overlord  
  47  4:20  Zergling x2  
  47  4:23  Drone x2  
  50  4:25  Drone x3  
  53  4:32  Drone x2  
  53  4:33  Drone x2  
  57  4:43  Glial Reconstitution  
  57  4:51  Infestation Pit  
  56  4:57  Roach x2  
  56  4:58  Roach x3  
  66  5:00  Overlord  
  66  5:03  Overlord  
  66  5:06  Overseer  
  66  5:18  Drone  
  66  5:20  Drone x2  
  69  5:21  Drone x2  
  69  5:24  Drone  
  72  5:31  Evolution Chamber x2, Metabolic Boost  
  72  5:32  Roach x3  
  72  5:33  Roach x2  
  72  5:35  Ravager x2  
  82  5:38  Overlord  
  82  5:41  Overseer  
  82  5:42  Overlord  
  82  5:56  Roach  
  90  5:57  Roach x3  
  90  6:03  Overlord  
  90  6:08  Zerg Missile Weapons Level 1  
  90  6:09  Zerg Ground Armor Level 1  
  90  6:12  Drone x2  
  90  6:13  Drone  
  92  6:19  Zergling x2  
  92  6:20  Zergling x8  
  97  6:31  Overlord x3  
  97  6:34  Hive  
  97  6:38  Zergling x4  
  97  6:39  Zergling x8  
  103  6:55  Drone x2  
  103  6:56  Drone  
  103  6:57  Hydralisk Den  
  103  6:59  Drone x2  
  107  7:08  Overlord  
  107  7:09  Overlord x2  
  107  7:13  Ravager  
  107  7:14  Ravager x3  
  111  7:18  Extractor  
  110  7:23  Extractor, Drone x2  
  110  7:24  Drone  
  110  7:25  Roach  
  110  7:26  Roach x3  
  120  7:31  Extractor  
  120  7:32  Hatchery  
  120  7:35  Pneumatized Carapace  
  120  7:36  Extractor  
  117  7:37  Hydralisk x6  
  129  7:45  Drone x3  
  129  7:46  Drone x3  
  129  7:49  Overlord  
  135  7:51  Zergling x2  
  136  7:59  Spire, Grooved Spines  
  136  8:03  Hydralisk  
  137  8:05  Overlord  
  137  8:07  Overlord  
  137  8:09  Drone x2  
  137  8:10  Drone  
  137  8:11  Drone  
  137  8:12  Drone x2  
  142  8:43  Overseer  
  142  8:46  Overseer  
  142  9:02  Extractor, Hatchery  
  140  9:15  Hydralisk x2  
  140  9:16  Hydralisk x12  
  168  9:20  Overlord x3  
  168  9:27  Overlord  
  168  9:28  Overlord  
  168  9:30  Overlord  
  168  9:40  Queen  
  170  9:52  Extractor  
  132  10:12  Zergling x2  
  132  10:13  Zergling x34  
  132  10:14  Zergling x2  
Tags
 
Add a new tag
Caveats
  • Supply blocks, unpowered buildings, or Contaminate may cause inaccurate times.
  • Supply counts are checked every 10 seconds.